 Dungeon Crawl Stone Soup version 0.30-a0-1160-g6e42c06551 (webtiles) character file.

Game seed: 1465483903188070333

704521 MacCMillion the Metallomancer (level 27, -7/161 HPs)
             Began as a Gargoyle Earth Elementalist on Apr 25, 2023.
             Was the Champion of Vehumet.
             Killed from afar by a Hell Sentinel (27 damage)
             ... with damnation
             ... on level 1 of the Realm of Zot on Apr 26, 2023.
             The game lasted 06:12:37 (112775 turns).

MacCMillion the Metallomancer (GrEE)              Turns: 112775, Time: 06:12:37

Health: -7/161     AC: 43    Str: 13 (14) XL:     27
Magic:  45/45      EV: 15    Int: 30 (31) God:    Vehumet [******]
Gold:   8139       SH: 18    Dex: 13      Spells: 4/62 levels left

rFire   + + .        B - staff of earth "Retess" {rPois rN++ Str-2 Int+3}
rCold   . . .        p - +5 kite shield {reflect}
rNeg    + + +        T - quicksilver dragon scales
rPois   ∞            (no helmet)
rElec   +            a - +4 dragonskin cloak
rCorr   .            u - +2 pair of gloves {Dex+3}
SInv    +            O - +0 pair of boots of Amorality {rF+}
Will    ++++.        X - amulet of Liberty {RegenMP Contam rElec rN+++ Stlth+}
Stlth   ++           m - ring of Anycualuf {+Blink rF+ Will+ Int+2}
HPRegen 0.46/turn    A - ring of see invisible
MPRegen 0.69/turn

%: reflection
@: flying, studying 2 skills
A: sickness immunity, AC +20, big wings, negative energy resistance 1,
electricity resistance, torment resistance 1, petrification resistance, deformed
body, deterioration 1, frail 1
0: Orb of Zot
}: 4/15 runes: decaying, slimy, silver, gossamer
a: Renounce Religion, Evoke Blink


You were on level 1 of the Realm of Zot.
You worshipped Vehumet.
Vehumet was exalted by your worship.
You visited 12 branches of the dungeon, and saw 56 of its levels.
You visited the Abyss 1 time.
You visited 1 bazaar.
You also visited: Sewer, Ice Cave, Volcano and Desolation.

You collected 10908 gold pieces.
You spent 2769 gold pieces at shops.

Inventory:

Missiles
 h - 12 curare-tipped darts
 F - 3 throwing nets
Armour
 a - the +4 dragonskin cloak (worn)
   (You took it off Tiamat on level 1 of the Realm of Zot)

   Avatar's Aegis: It grants the wearer a chance to resist fire, cold, poison,
   electricity, acid, and negative energy.
 p - a +5 kite shield of reflection (worn)
 u - a +2 pair of gloves of dexterity (worn)
 x - a +2 helmet of intelligence
 I - +0 steam dragon scales
 O - the +0 pair of boots of Amorality (worn) {rF+}
   (You bought it in a shop on level 3 of the Depths)

   rF:        It protects you from fire.
 T - quicksilver dragon scales (worn)
Magical Staves
 B - the staff of earth "Retess" (weapon) {rPois rN++ Str-2 Int+3}
   (You found it on level 5 of the Dungeon)

   [staff of earth]

   Base accuracy: +5 Base damage: 5 Base attack delay: 1.2 This weapon's minimum
   attack delay (0.6) is reached at skill level 12.
   Str:       It affects your strength (-2).
   Int:       It affects your intelligence (+3).
   rPois:     It protects you from poison.
   rN:        It greatly protects you from negative energy.
   It falls into the 'Staves' category.
   It is a one-handed weapon.
Jewellery
 m - the ring of Anycualuf (left hand) {+Blink rF+ Will+ Int+2}
   (You bought it in a shop on level 1 of the Elven Halls)

   [ring of willpower]

   Int:       It affects your intelligence (+2).
   rF:        It protects you from fire.
   +Blink:    It lets you blink.
   Will:      It increases your willpower.
 n - a ring of ice
 y - a ring of protection from fire
 A - a ring of see invisible (right hand)
 E - a ring of resist corrosion
 L - a +6 ring of intelligence
 M - a ring of wizardry
 Q - the ring of Oroghisa {rN+ Dex+6}
   (You found it in an ice cave)

   [ring of dexterity]

   Dex:       It affects your dexterity (+6).
   rN:        It protects you from negative energy.
 X - the amulet of Liberty (around neck) {RegenMP Contam rElec rN+++ Stlth+}
   (You took it off a deep elf death mage on level 3 of the Elven Halls)

   [amulet of magic regeneration]

   It increases your rate of magic regeneration.
   rElec:     It insulates you from electricity.
   rN:        It renders you almost immune to negative energy.
   Contam:    It causes magical contamination when unequipped.
   Stlth:     It makes you more stealthy.
 Z - the amulet of Bodily Harmony {Acrobat rPois}
   (You found it on level 5 of the Lair of Beasts)

   [amulet of the acrobat]

   It increases your evasion while moving and waiting.
   rPois:     It protects you from poison.
Wands
 P - a wand of acid (41)
 R - a wand of paralysis (55)
 S - a wand of digging (26)
 V - a wand of iceblast (89)
 Y - a wand of mindburst (12)
Scrolls
 d - 4 scrolls of magic mapping
 e - 12 scrolls of fear
 g - 2 scrolls of blinking
 i - 21 scrolls of teleportation
 l - 10 scrolls of amnesia
 o - 15 scrolls of vulnerability
 q - 16 scrolls of fog
 r - 2 scrolls of torment
 s - 11 scrolls of immolation
 v - 4 scrolls of enchant armour
 w - 7 scrolls of poison
 H - 4 scrolls of silence
 W - 5 scrolls of summoning
Potions
 b - 3 potions of magic
 c - 4 potions of mutation
 f - 2 potions of cancellation
 j - 27 potions of curing
 k - 9 potions of might
 t - a potion of ambrosia
 z - 6 potions of brilliance
 C - 11 potions of heal wounds
 G - 9 potions of attraction
 J - 4 potions of invisibility
 K - 12 potions of lignification
 N - 3 potions of haste
 U - 4 potions of resistance
Miscellaneous
 D - a phial of floods


   Skills:
 - Level 20.0 Fighting
 - Level 8.0 Staves
 - Level 17.0 Armour
 - Level 13.5 Dodging
 - Level 8.0 Stealth
 - Level 16.1 Shields
 + Level 18.3 Spellcasting
 - Level 16.0 Conjurations
 - Level 14.0 Summonings
 - Level 3.0 Translocations
 - Level 1.6 Transmutations
 - Level 20.0 Fire Magic
 - Level 12.3 Ice Magic
 - Level 7.4 Air Magic
 - Level 24.0 Earth Magic


You had 4 spell levels left.
You knew the following spells:

 Your Spells              Type           Power      Damage    Failure   Level
a - Ignition              Fire           49%        3d14      2%          8
b - Stone Arrow           Conj/Erth      100%       3d13      0%          3
d - Irradiate             Conj/Tmut      34%        3d23      1%          5
e - Freezing Cloud        Conj/Ice/Air   39%        6-21      1%          5
f - Blink                 Tloc           90%        N/A       1%          2
g - Spellforged Servitor  Conj/Summ      43%        N/A       2%          7
h - Iron Shot             Conj/Erth      60%        9d11      1%          6
i - Shatter               Erth           65%        3d48*     7%          9
k - Borgnjor's Vile Clut  Necr/Erth      49%        N/A       1%          5
l - Lehudib's Crystal Sp  Conj/Erth      60%        10d14     2%          8

Your spell library contained the following spells:

 Spells                   Type           Power      Damage    Failure   Level
 Fire Storm               Conj/Fire      47%        8d12      54%         9
 Chain Lightning          Conj/Air       39%        3d52      100%        9
 Magic Dart               Conj           100%       1d8       0%          1
 Sandblast                Erth           100%       2d20      0%          1
 Summon Small Mammal      Summ           100%       N/A       0%          1
 Searing Ray              Conj           100%       2d8       0%          2
 Apportation              Tloc           90%        N/A       1%          1
 Freeze                   Ice            100%       1d10      1%          1
 Kiss of Death            Conj/Necr      100%       2d13      1%          1
 Shock                    Conj/Air       100%       1d9       1%          1
 Ensorcelled Hibernation  Hex/Ice        100%       N/A       1%          2
 Lesser Beckoning         Tloc           90%        N/A       1%          2
 Momentum Strike          Conj/Tloc      100%       3d10      1%          2
 Passwall                 Tmut/Erth      85%        N/A       1%          2
 Poisonous Vapours        Pois/Air       98%        N/A       1%          2
 Static Discharge         Conj/Air       100%       2-7/arc   1%          2
 Call Canine Familiar     Summ           84%        N/A       1%          3
 Frozen Ramparts          Ice            100%       1d16      1%          3
 Hailstorm                Conj/Ice       85%        3d17      1%          3
 Ignite Poison            Fire/Tmut/Pois 63%        N/A       1%          3
 Inner Flame              Hex/Fire       72%        N/A       1%          3
 Mephitic Cloud           Conj/Pois/Air  65%        N/A       1%          3
 Ozocubu's Armour         Ice            79%        N/A       1%          3
 Summon Guardian Golem    Hex/Summ       62%        N/A       1%          3
 Vhi's Electric Charge    Tloc/Air       100%       N/A       1%          3
 Volatile Blastmotes      Fire/Tloc      100%       2d18      1%          3
 Animate Armour           Summ/Erth      100%       N/A       1%          4
 Fulminant Prism          Conj/Hex       33%        3d16      1%          4
 Leda's Liquefaction      Hex/Erth       49%        N/A       1%          4
 Petrify                  Tmut/Erth      100%       N/A       1%          4
 Summon Ice Beast         Ice/Summ       82%        N/A       1%          4
 Summon Lightning Spire   Summ/Air       75%        N/A       1%          4
 Beastly Appendage        Tmut           74%        N/A       2%          1
 Ice Form                 Ice/Tmut       62%        N/A       2%          4
 Sting                    Tmut/Pois      100%       1d8       3%          1
 Wereblood                Tmut           37%        N/A       3%          2
 Gell's Gravitas          Tloc           45%        N/A       3%          3
 Teleport Other           Tloc           45%        N/A       3%          3
 Portal Projectile        Hex/Tloc       72%        N/A       7%          3
 Spider Form              Tmut/Pois      32%        N/A       10%         3
 Olgreb's Toxic Radiance  Pois           27%        N/A       12%         4
 Confusing Touch          Hex            27%        N/A       13%         3
 Tukima's Dance           Hex            27%        N/A       13%         3
 Manifold Assault         Tloc           45%        N/A       13%         4
 Anguish                  Hex/Necr       13%        N/A       41%         4
 Animate Dead             Necr           27%        N/A       41%         4
 Cause Fear               Hex            13%        N/A       41%         4
 Dispel Undead            Necr           27%        3d13      41%         4
 Lee's Rapid Deconstruct  Erth           65%        3d30*     0%          5
 Arcjolt                  Conj/Air       39%        1d49      1%          5
 Iskenderun's Battlesphe  Conj           89%        2d14      1%          5
 Plasma Beam              Fire/Air       41%        2x1d60    1%          6
 Starburst                Conj/Fire      47%        6d13      1%          6
 Orb of Destruction       Conj           44%        9d12      1%          7
 Summon Mana Viper        Hex/Summ       62%        N/A       7%          5
 Ozocubu's Refrigeration  Ice            39%        4d16      7%          7
 Metabolic Englaciation   Hex/Ice        29%        N/A       10%         5
 Monstrous Menagerie      Summ           42%        N/A       12%         7
 Summon Hydra             Summ           42%        N/A       12%         7
 Yara's Violent Unravell  Hex/Tmut       16%        3d8       22%         5
 Silence                  Hex/Air        24%        N/A       26%         5
 Simulacrum               Ice/Necr       29%        N/A       47%         6
 Blade Hands              Tmut           18%        N/A       52%         5
 Alistair's Intoxication  Tmut/Pois      21%        N/A       65%         5
 Eringya's Noxious Bog    Tmut/Pois      16%        N/A       71%         6
 Dispersal                Tloc           22%        N/A       89%         6
 Haunt                    Necr/Summ      31%        N/A       91%         7
 Maxwell's Capacitive Co  Air            32%        ∞         95%         8
 Storm Form               Tmut/Air       26%        N/A       99%         7
 Polar Vortex             Ice            39%        N/A       99%         9
 Dragon Form              Tmut           18%        N/A       100%        7
 Enfeeble                 Hex            13%        N/A       100%        7
 Discord                  Hex            13%        N/A       100%        8
 Disjunction              Tloc           22%        N/A       100%        8
 Infestation              Necr           13%        N/A       100%        8
 Dragon's Call            Summ           42%        N/A       100%        9
 Cigotuvi's Dreadful Rot  Necr/Pois/Air  Unusable   N/A       N/A         2
 Statue Form              Tmut/Erth      Unusable   N/A       N/A         6

Dungeon Overview and Level Annotations

Branches:
Dungeon (15/15)            Temple (1/1) D:5            Lair (5/5) D:8
  Swamp (4/4) Lair:2       Spider (4/4) Lair:3        Slime (5/5) Lair:4
    Orc (2/2) D:11            Elf (3/3) Orc:2        Vaults (5/5) D:13
  Crypt (3/3) Vaults:2       Tomb (0/3) Crypt:3      Depths (4/4) D:15
    Zot (5/5) Depths:4      Sewer (visited)           IceCv (visited)
Volcano (visited)         Desolation (visited)

Altars:
Ashenzari
Cheibriados
Dithmenos
Elyvilon
Fedhas
Gozag
Hepliaklqana
Kikubaaqudgha
Makhleb
Nemelex Xobeh
Okawaru
Qazlal
Ru
Sif Muna
Trog
Uskayaw
Vehumet
Wu Jian
Xom
Yredelemnul
Zin
The Shining One
Jiyva
Lugonu

Shops:
D:9 *   D:10 :   D:14 *(!   Orc:2 *[[([   Elf:1 *==!   Elf:2 !   Vaults:3 [
Vaults:4 !   Vaults:5 !   Depths:2 *:[   Depths:3 ![*

Portals:
Hell: Depths:1 Depths:2 Depths:3 Depths:4
Abyss: Lair:5 Depths:3
Pandemonium: Depths:2
Ziggurat: Depths:3

Annotations:
D:11 3 runed translucent doors, exclusion: wizard, fluxer's ghost, journeyman HOFi
D:13 1 runed translucent door, Ziutalyll's ghost, journeyman MiHu
Elf:1 6 runed translucent doors
Zot:3 1 transporter


Innate Abilities, Weirdness & Mutations

You are immune to sickness and miasma.
Your stone body is resilient. (AC +20)
You are immune to poison.
Your large and strong wings let you fly.
You resist negative energy. (rN+)
You are resistant to electric shocks. (rElec)
You are resistant to unholy torment.
You are immune to petrification.
Armour fits poorly on your strangely shaped body.
Your body sometimes deteriorates upon taking damage.
You are frail. (-10% HP)


Message History

The iron shot hits the Brimstone Fiend!!!
You kill the Brimstone Fiend!
Vehumet accepts your kill.
You feel your power returning. The Hell Sentinel gestures at you.
The sphere of damnation explodes!
The damnation engulfs you!!!
* * * LOW HITPOINT WARNING * * *
Your body deteriorates!
You feel weakened.
Your spellforged servitor casts a spell at the Hell Sentinel.
The crystal spear hits the Hell Sentinel!
Unknown command.
The Hell Sentinel hits your spellforged servitor!
The Hell Sentinel hits your spellforged servitor.
Your spellforged servitor casts a spell at the Hell Sentinel.
The crystal spear hits the Hell Sentinel!!!
The Hell Sentinel hits your spellforged servitor!!
The Hell Sentinel hits your spellforged servitor!
Something hits your spellforged servitor!!
Your spellforged servitor is destroyed!
Your spellforged servitor disappears in a puff of smoke!
You feel much better.
You feel much better. The Hell Sentinel gestures at you.
The sphere of damnation explodes!
The damnation engulfs you!!
A Brimstone Fiend comes into view.
The Brimstone Fiend gestures at you.
The sphere of damnation explodes!
The damnation engulfs you!!!
* * * LOW HITPOINT WARNING * * *
Your body deteriorates!
You feel dopey. The Brimstone Fiend gestures at you.
The sphere of damnation explodes!
The damnation engulfs you!!
* * * LOW HITPOINT WARNING * * *
Unknown command.
Blink to where?
Press: ? - help, Dir - move target
As you read the scroll of blinking, it crumbles to dust.
A Hell Sentinel comes into view.
The Hell Sentinel gestures at you.
The sphere of damnation explodes!
The damnation engulfs you!!
You die...

#....# #....######
#....# #..........
#....# #..........
#....# ##.......[..
#....###...........
#.1..##............
#....#.............
#..................
#.@................
#..................
#..................
#..................
#..................
###################


You could see a Hell Sentinel.

Vanquished Creatures
  the Royal Jelly (Slime:5)
  4 dread liches
  3 ancient liches
  5 orbs of fire
  7 Killer Klowns (Zot:5)
  3 curse toes
  4 golden dragons
  A profane servitor (Crypt:3)
  A Brimstone Fiend (Zot:1)
  2 doom hounds (Depths:2)
  Mlioglotl (Spider:3)
  9 liches
  22 tentacled monstrosities
  12 Orb Guardians
  A walking divine tome (Depths:4)
  2 deep elf master archers (Elf:3)
  7 titans
  Grunn (Depths:2)
  9 acid blobs
  6 quicksilver dragons
  7 death cobs
  A deep elf blademaster (Elf:3)
  A walking frostbound tome (Abyss:4)
  A sphinx (Vaults:3)
  8 ancient champions
  An Executioner (Abyss:4)
  6 tentacled starspawn
  8 shadow dragons
  9 storm dragons
  A thorn hunter (Swamp:4)
  Agnes (Spider:2)
  Donald (Vaults:2)
  9 azure jellies
  9 rockslimes
  8 tengu reavers
  3 revenants
  A fenstrider witch (Swamp:3)
  7 draconian monks
  7 fire giants
  12 frost giants
  4 deep elf sorcerers
  An emperor scorpion (Spider:4)
  An iron dragon (Vaults:5)
  An imperial myrmidon (Vaults:4)
  6 draconian knights
  7 vault wardens
  2 draconian scorchers (Zot:1)
  2 caustic shrike zombies
  10 ghost moths
  2 draconian shifters
  13 ironbound preservers
  A cacodemon (Abyss:4)
  2 ghouls (Crypt:3)
  6 quicksilver oozes (Slime:5)
  A deep elf elementalist (Elf:3)
  3 orc warlords
  3 broodmothers
  4 ironbound thunderhulks
  2 draconian stormcallers
  2 reapers
  15 very ugly things
  8 draconian annihilators
  19 stone giants
  6 war gargoyles (Vaults:5)
  6 vampire knights
  15 green draconians
  3 deep elf demonologists
  8 yellow draconians
  4 eleionomae
  A halazid warlock (Desolation)
  7 deep elf annihilators
  12 red draconians
  11 black draconians
  14 white draconians
  3 dire elephants (Vaults:3)
  13 purple draconians
  21 spark wasps
  2 blizzard demons
  16 ettins
  2 mummy priests (Crypt:3)
  5 deep elf death magi
  Snorg (Lair:5)
  4 entropy weavers
  An ettin (shapeshifter) (Vaults:4)
  2 fire dragons
  4 deep elf high priests
  An entropy weaver (shapeshifter) (Lair:5)
  7 jiangshi
  A merfolk javelineer (Depths:3)
  34 vault guards
  Josephine (D:12)
  11 yaktaur captains
  2 ragged hierophants (Desolation)
  A spriggan zombie (Crypt:1)
  A shambling mangrove (Swamp:3)
  4 great orbs of eyes
  18 hydras
  3 peacekeepers
  2 rakshasas (Abyss:4)
  2 ogre magi
  3 ghost crabs
  A catoblepas (Lair:5)
  13 ice dragons
  2 jorogumos
  11 centaur warriors
  6 boulder beetles
  4 death knights
  4 spriggan air magi
  6 deep troll shamans
  14 dancing weapons
  Erica (D:10)
  5 alligators
  13 deep troll earth magi
  An ironbound frostheart (Vaults:4)
  10 tengu warriors
  8 vampire magi
  A satyr (shapeshifter) (Vaults:5)
  11 two-headed ogres
  A naga warrior (Abyss:4)
  9 hell hogs (Depths:1)
  14 hell knights (Vaults:5)
  The ghost of Zigma the Grappler, a novice DrMo of Hepliaklqana (D:9)
  Urug (D:12)
  3 soul eaters
  9 thrashing horrors
  3 spriggan berserkers
  2 sun demons (Depths:2)
  Sonja (D:11)
  9 deep elf knights
  8 iron trolls
  2 wretched stars (Abyss:4)
  2 spatial maelstroms
  4 shadow wraiths
  15 skeletal warriors
  Lodul (D:12)
  A golden dragon zombie (Crypt:3)
  9 orb spiders
  55 deep trolls
  2 death drakes (Depths:4)
  2 goliath frogs (Swamp:2)
  2 sun moths (Spider:1)
  8 pharaoh ants
  A spriggan druid (Swamp:4)
  8 deep elf archers
  3 glowing orange brains
  4 flayed ghosts
  5 skysharks
  An obsidian statue (Zot:5)
  4 bog bodies
  18 ironbound convokers
  5 steelbarb worms
  5 swamp dragons
  10 phantasmal warriors
  3 orc knights
  2 shadow demons
  19 deep elf pyromancers
  6 lindwurms
  17 wizards
  5 necromancers
  14 wolf spiders
  11 deep elf zephyrmancers
  2 oklob plants (Lair:2)
  2 orc sorcerers
  30 ugly things
  A manticore (D:13)
  9 shining eyes
  A mana viper (Abyss:4)
  8 cyclopes
  3 will-o-the-wisps
  2 worldbinders (Abyss:4)
  4 black mambas
  An elf zombie (Vaults:3)
  4 ice statues
  31 moths of wrath
  9 smoke demons
  94 slime creatures
  4 salamanders (Volcano)
  A black mamba (shapeshifter) (D:13)
  2 orange demons (Abyss:4)
  5 demonic crawlers
  14 elephants
  4 torpor snails
  12 vault sentinels
  2 molten gargoyles (Volcano)
  An alligator snapping turtle skeleton (Crypt:2)
  4 unseen horrors
  A rime drake (shapeshifter) (D:13)
  Maggie (Lair:2)
  A yaktaur zombie (Vaults:3)
  8 cane toads
  2 gargoyles
  6 komodo dragons
  5 rime drakes
  20 yaktaurs
  16 freezing wraiths
  A komodo dragon (shapeshifter) (Vaults:5)
  3 tengu conjurers
  An elf (Depths:3)
  2 ice devils (D:13)
  An anaconda simulacrum (Abyss:4)
  An efreet (D:13)
  5 guardian mummies
  8 ancient zymes
  A yellow draconian skeleton (Crypt:2)
  A minotaur skeleton (Crypt:2)
  A troll (shapeshifter) (Lair:5)
  6 trolls
  A harpy zombie (Abyss:4)
  3 bloated husks
  2 polar bears
  3 tyrant leeches
  8 hornets
  4 hellwings
  A wind drake (shapeshifter) (Lair:5)
  A hydra skeleton (Crypt:2)
  26 tarantellas
  2 harpy skeletons
  7 saltlings
  21 blink frogs
  A snapping turtle (shapeshifter) (Vaults:5)
  4 dream sheep (Lair:4)
  An iron dragon simulacrum (Crypt:3)
  10 raiju (Abyss:4)
  18 jumping spiders
  Sigmund (D:2)
  An ettin skeleton (Crypt:1)
  3 flying skulls (Abyss:4)
  7 wyverns
  A shadow (D:9)
  A spriggan (shapeshifter) (Vaults:5)
  4 vampires
  An air elemental (Elf:1)
  17 culicivoras
  10 large abominations
  10 water elementals
  A basilisk (shapeshifter) (Lair:5)
  7 spriggans
  9 starcursed masses (Abyss:4)
  11 wraiths
  2 ynoxinuls (Abyss:4)
  A hog (shapeshifter) (Vaults:5)
  19 humans
  37 yaks
  2 ushabtiu (Crypt:3)
  Eustachio (D:5)
  3 chaos spawn (Lair:5)
  2 fire elementals (Elf:2)
  A golden eye (Slime:5)
  4 basilisks
  A redback simulacrum (D:14)
  43 redbacks
  2 steam dragons
  3 neqoxecs
  Menkaure (D:7)
  10 vampire mosquitoes
  5 wargs
  12 small abominations
  5 spatial vortices
  11 swamp worms
  2 hell hounds (Lair:2)
  14 water moccasins
  A deep troll zombie (Crypt:3)
  A floating eye (shapeshifter) (D:15)
  A sky beast (D:8)
  Pargi (D:3)
  31 orc warriors
  5 swamp drakes (Swamp:4)
  4 ice beasts
  3 black bears
  A tengu (shapeshifter) (D:14)
  24 wolves
  11 ogres
  2 boggarts
  A rime drake zombie (Crypt:1)
  5 centaurs
  6 lemures (Depths:3)
  4 phantoms (D:5)
  A kobold brigand (D:10)
  3 nameless horrors
  11 bullfrogs
  A gnoll sergeant (D:11)
  A spectral water moccasin (Lair:2)
  2 scorpions
  2 necrophages (Crypt:2)
  2 spectral wargs (Depths:3)
  3 water moccasin zombies (D:5)
  A wight (Abyss:4)
  A water moccasin skeleton (Crypt:3)
  4 lindwurm simulacra (IceCv)
  9 killer bees
  A spectral wolf (Lair:2)
  A troll skeleton (Crypt:2)
  3 electric eels
  6 howler monkeys
  6 komodo dragon simulacra (IceCv)
  4 bullfrog zombies (D:5)
  A jelly (D:5)
  2 lava snakes (D:7)
  4 hounds
  2 human zombies (Crypt:1)
  2 gnoll boudas
  18 orc priests
  3 bullfrog skeletons (D:5)
  2 iguanas (D:5)
  Jessica (D:2)
  A sleepcap (D:6)
  30 orc wizards
  A human skeleton (Crypt:1)
  A scorpion zombie (D:5)
  A sickly merfolk siren (Sewer)
  A malarious merfolk avatar (Sewer)
  A killer bee zombie (D:5)
  An ice beast zombie (Crypt:3)
  2 hound zombies (D:5)
  A hound skeleton (D:5)
  4 mummies (Crypt:1)
  Robin (D:4)
  16 gnolls
  7 acid dragon simulacra (IceCv)
  8 adders
  2 river rats (Sewer)
  A shadow imp (D:8)
  2 white imps
  4 steam dragon simulacra (IceCv)
  An ufetubus (D:4)
  2 worms
  4 dart slugs
  109 orcs
  10 endoplasms
  6 giant cockroaches
  12 hobgoblins
  3 jackals (D:5)
  4 quokkas
  7 ball pythons
  5 bats
  11 frilled lizards
  9 goblins
  21 kobolds
  24 rats
  8 bushes (D:14)
  A butterfly (Lair:5)
  4 starspawn tentacles
2228 creatures vanquished.

Vanquished Creatures (collateral kills)
  Tiamat (Zot:1)
  An ancient lich (Vaults:5)
  3 orbs of fire
  A pandemonium lord (Zot:4)
  2 Killer Klowns (Zot:5)
  A golden dragon (Depths:4)
  3 bone dragons
  Arachne (Spider:3)
  5 tentacled monstrosities
  Zenata (Crypt:3)
  3 electric golems
  A Hell Sentinel (Abyss:4)
  14 Orb Guardians (Zot:5)
  A deep elf blademaster (Elf:3)
  2 liches (Crypt:3)
  3 quicksilver dragons
  5 acid blobs
  2 tentacled starspawn
  2 death cobs (Zot:2)
  2 ancient champions (Crypt:3)
  A shadow dragon (Vaults:4)
  2 storm dragons
  4 sphinxes
  Roxanne (Spider:2)
  2 draconian knights
  A revenant (Crypt:3)
  3 rockslimes (Slime:5)
  An emperor scorpion (Spider:2)
  5 draconian monks
  3 vault wardens
  An azure jelly (Slime:5)
  A draconian scorcher (Abyss:4)
  A deep elf sorcerer (Elf:1)
  A draconian shifter (Zot:3)
  A deep elf elementalist (Elf:3)
  2 curse skulls
  2 ghouls
  An angel (Abyss:4)
  A stone giant (Vaults:4)
  A war gargoyle (Vaults:2)
  2 quicksilver oozes
  A draconian annihilator (Zot:3)
  A reaper (Crypt:3)
  An orc warlord (Depths:3)
  8 ironbound preservers
  2 broodmothers (Spider:3)
  2 green draconians
  3 ironbound thunderhulks (Vaults:2)
  7 very ugly things
  3 deep elf demonologists
  An eleionoma (Swamp:3)
  A vampire knight (Vaults:2)
  6 black draconians
  3 purple draconians
  2 yellow draconians (Zot:1)
  7 deep elf annihilators
  3 dire elephants (Vaults:3)
  3 spark wasps
  2 bunyips
  2 red draconians
  An ettin (Vaults:1)
  A crystal guardian (Vaults:2)
  8 deep elf death magi
  2 jiangshi (Crypt:3)
  2 fire dragons
  An entropy weaver (shapeshifter) (Elf:2)
  4 great orbs of eyes
  4 yaktaur captains
  An entropy weaver (Spider:3)
  3 servants of whispers (Desolation)
  A shambling mangrove (Swamp:4)
  A fenstrider witch zombie (Crypt:1)
  3 peacekeepers
  7 vault guards
  3 spriggan air magi
  2 jorogumos (Spider:4)
  A ghost crab (Swamp:3)
  3 centaur warriors
  A boulder beetle (Vaults:1)
  6 hydras
  2 alligators
  A vampire mage (Crypt:3)
  3 deep troll shamans
  16 dancing weapons
  A death knight (Crypt:1)
  3 hell hogs (Depths:1)
  A naga warrior (Abyss:4)
  3 thrashing horrors
  An orc high priest (Elf:3)
  A deep troll earth mage (Depths:4)
  5 deep elf knights
  10 skeletal warriors
  3 wretched stars
  2 nameless horrors (Swamp:2)
  2 pharaoh ants (Spider:4)
  An anaconda zombie (Crypt:3)
  A sixfirhy (Abyss:4)
  2 flayed ghosts
  A glowing orange brain (Abyss:4)
  3 spriggan druids
  A sun moth (Spider:4)
  5 deep elf archers
  26 deep trolls
  2 bog bodies
  A wizard (Vaults:2)
  6 orb spiders (Spider:4)
  2 ironbound convokers
  9 swamp dragons
  7 lindwurms
  2 starcursed masses (Abyss:4)
  A bunyip skeleton (Crypt:3)
  3 phantasmal warriors
  3 steelbarb worms (Spider:4)
  An anaconda skeleton (Crypt:1)
  11 deep elf pyromancers
  16 deep elf zephyrmancers
  2 human zombies (Vaults:3)
  13 wolf spiders
  An orc sorcerer (Elf:1)
  9 ugly things
  A goliath frog skeleton (Crypt:1)
  5 will-o-the-wisps
  3 worldbinders
  A naga mage (Abyss:4)
  11 moths of wrath
  2 apocalypse crabs (Abyss:4)
  2 guardian serpents (Abyss:4)
  8 smoke demons
  An orange demon (Abyss:4)
  A titan simulacrum (Crypt:3)
  4 torpor snails
  5 vault sentinels
  4 demonic crawlers
  6 yaktaurs
  3 freezing wraiths
  A minotaur skeleton (Crypt:3)
  An iron troll skeleton (Crypt:2)
  A bloated husk (Swamp:1)
  A polar bear (shapeshifter) (Abyss:4)
  3 hornets
  11 saltlings (Desolation)
  4 tyrant leeches
  8 tarantellas
  A mana viper skeleton (Crypt:2)
  3 raiju (Abyss:4)
  A moth of wrath zombie (Crypt:3)
  4 blink frogs (Abyss:4)
  9 jumping spiders
  15 large abominations
  10 culicivoras
  A water elemental (Elf:2)
  3 flying skulls (Abyss:4)
  2 air elementals
  26 slime creatures
  4 spriggans (Swamp:4)
  2 wraiths
  A fire elemental (Elf:1)
  An ushabti (Crypt:3)
  3 neqoxecs
  10 redbacks
  A naga (Abyss:4)
  2 swamp worms (Swamp:3)
  A skyshark zombie (Crypt:2)
  A glowing shapeshifter zombie (Crypt:1)
  An acid dragon (shapeshifter) (Abyss:4)
  3 spatial vortices (Abyss:3)
  A swamp drake (Swamp:4)
  3 deep troll skeletons
  A glowing shapeshifter skeleton (Crypt:1)
  2 ice beasts
  2 orc warriors
  4 small abominations (Abyss:4)
  3 earth elementals
  4 wights (Abyss:4)
  A centaur skeleton (Crypt:1)
  2 orc wizards (Elf:1)
  A howler monkey zombie (Crypt:1)
  3 orcs
  A gnoll zombie (Crypt:1)
  A frilled lizard zombie (Crypt:2)
  A spectral weapon (Zot:5)
  3 starspawn tentacles
612 creatures vanquished.

Vanquished Creatures (others)
  A deep elf knight (Elf:2)
  A will-o-the-wisp (Swamp:3)
  A rime drake (IceCv)
  An ancient zyme (Abyss:4)
  2 saltlings (Desolation)
  A water elemental (Elf:1)
  A redback (Spider:3)
  An orc warrior (Elf:1)
  An iron imp (Abyss:4)
  3 bushes
  22 foxfires
  47 fungi
  A lurking horror (Abyss:4)
  65 plants
  14 starspawn tentacles
  8 withered plants (D:5)
170 creatures vanquished.

Grand Total: 3010 creatures vanquished

Notes
Turn   | Place    | Note
-------+----------+-------------------------------------------
     0 | D:1      | MacCMillion the Gargoyle Earth Elementalist began the quest
                  | for the Orb.
     0 | D:1      | Reached XP level 1. HP: 10/10 MP: 3/3
   191 | D:1      | Reached skill level 4 in Earth Magic
   326 | D:1      | Reached XP level 2. HP: 11/15 MP: 0/5
  1374 | D:2      | Noticed Sigmund
  1374 | D:2      | Noticed Jessica
  1389 | D:1      | Reached XP level 3. HP: 13/19 MP: 3/6
  1398 | D:1      | Learned a level 3 spell: Stone Arrow
  1453 | D:2      | Reached skill level 5 in Earth Magic
  1857 | D:2      | Reached skill level 1 in Conjurations
  1918 | D:2      | Reached XP level 4. HP: 24/24 MP: 4/7
  2027 | D:2      | Killed Jessica
  2484 | D:3      | Noticed Pargi
  2495 | D:3      | Killed Pargi
  2496 | D:3      | Reached XP level 5. HP: 14/28 MP: 1/9
  2661 | D:3      | Reached skill level 6 in Earth Magic
  2978 | D:3      | Reached XP level 6. HP: 32/32 MP: 7/10
  3152 | D:3      | Found a faded altar of an unknown god.
  3281 | D:3      | Found a burning altar of Makhleb.
  3405 | D:3      | Found a snail-covered altar of Cheibriados.
  3787 | D:4      | Found a glowing drain.
  3821 | Sewer    | Entered a sewer
  4655 | D:4      | Noticed Robin
  4659 | D:4      | Killed Robin
  4669 | D:4      | Reached XP level 7. HP: 34/36 MP: 4/12
  5097 | D:5      | Entered Level 5 of the Dungeon
  5174 | D:5      | Found an opulent altar of Gozag.
  5175 | D:5      | Found a stormy altar of Qazlal.
  5197 | D:5      | Noticed Eustachio
  5221 | D:5      | Reached skill level 7 in Earth Magic
  5293 | D:5      | Reached skill level 5 in Spellcasting
  5544 | D:5      | Reached XP level 8. HP: 26/41 MP: 14/16
  5884 | D:5      | Found a hide-covered altar of Uskayaw.
  5921 | D:5      | Identified the staff of earth "Retess" {rPois rN++ Str-2
                  | Int+3}
  6039 | D:5      | Reached skill level 5 in Conjurations
  6042 | D:5      | Reached skill level 8 in Earth Magic
  6166 | D:5      | Found a staircase to the Ecumenical Temple.
  6171 | Temple   | Entered the Ecumenical Temple
  6253 | Temple   | Became a worshipper of Vehumet
  6297 | D:5      | Reached skill level 9 in Earth Magic
  6297 | D:5      | Reached skill level 1 in Fighting
  6690 | D:6      | Reached XP level 9. HP: 50/50 MP: 14/18
  7301 | D:6      | Reached skill level 5 in Fighting
  7591 | D:7      | Noticed Menkaure
  7639 | D:7      | Reached * piety under Vehumet
  7639 | D:7      | Offered knowledge of Shock by Vehumet.
  7844 | D:7      | Reached skill level 5 in Dodging
  8116 | D:7      | Reached XP level 10. HP: 61/61 MP: 17/19
  8283 | D:7      | Killed Menkaure
  8583 | D:7      | Noticed a two-headed ogre
  8590 | D:7      | Killed a two-headed ogre
  8942 | D:8      | Reached skill level 1 in Armour
  9094 | D:8      | Found a runed translucent door.
  9553 | D:8      | Reached ** piety under Vehumet
  9553 | D:8      | Offered knowledge of Searing Ray by Vehumet.
  9574 | D:8      | Found a staircase to the Lair.
 10128 | D:9      | Noticed a cyclops
 10141 | D:9      | Killed a cyclops
 10335 | D:9      | Reached skill level 10 in Fighting
 10420 | D:9      | Reached XP level 11. HP: 44/72 MP: 16/20
 10517 | D:9      | Found a runed translucent gate.
 10518 | D:9      | Found a runed translucent gate.
 10518 | D:9      | Found a runed translucent gate.
 10518 | D:9      | Found an opulent altar of Gozag.
 10520 | D:9      | Noticed a cyclops
 10520 | D:9      | Noticed Zigma's ghost (novice DrMo)
 10530 | D:9      | Found a sacrificial altar of Ru.
 10747 | D:9      | Found Risioff's Assorted Antiques.
 10765 | D:10     | Entered Level 10 of the Dungeon
 10770 | D:10     | Noticed Erica
 11002 | D:10     | Found Idinlocw's Book Boutique.
 11068 | D:10     | Bought a book of Power for 630 gold pieces
 11074 | D:10     | Learned a level 5 spell: Iskenderun's Battlesphere
 11201 | D:9      | Found a sacrificial altar of Ru.
 11571 | Lair:1   | Entered Level 1 of the Lair of Beasts
 11640 | Lair:1   | Offered knowledge of Inner Flame by Vehumet.
 12414 | Lair:2   | Noticed Maggie
 12424 | Lair:2   | Killed Maggie
 12479 | Lair:2   | Reached *** piety under Vehumet
 12784 | Lair:2   | Noticed a four-headed hydra
 12794 | Lair:2   | Killed a four-headed hydra
 12844 | Lair:2   | Found a dark tunnel.
 12892 | Volcano  | Entered a volcano
 12933 | Volcano  | Noticed a salamander
 12941 | Volcano  | Killed a salamander
 12941 | Volcano  | Offered knowledge of Frozen Ramparts by Vehumet.
 13102 | Volcano  | Noticed a salamander
 13108 | Volcano  | Killed a salamander
 13153 | Volcano  | Noticed a cyclops
 13155 | Volcano  | Noticed a salamander
 13158 | Volcano  | Killed a cyclops
 13159 | Volcano  | Reached XP level 12. HP: 63/80 MP: 17/24
 13394 | Volcano  | Reached skill level 10 in Conjurations
 14169 | Lair:2   | Found a staircase to the Swamp.
 14169 | Lair:2   | Noticed a ghost crab
 14169 | Lair:2   | Noticed a ghost crab
 14430 | Lair:2   | Noticed a skyshark
 14436 | Lair:2   | Killed a skyshark
 15565 | Lair:3   | Learned a level 5 spell: Irradiate
 15619 | Lair:3   | Reached **** piety under Vehumet
 15620 | Lair:3   | Reached skill level 1 in Transmutations
 15654 | Lair:3   | Offered knowledge of Freezing Cloud by Vehumet.
 15661 | Lair:3   | Learned a level 5 spell: Freezing Cloud
 15712 | Lair:3   | Reached skill level 1 in Ice Magic
 15801 | Lair:3   | Reached skill level 1 in Air Magic
 16234 | Lair:3   | Found a hole to the Spider Nest.
 16244 | Lair:3   | Reached XP level 13. HP: 59/87 MP: 22/25
 16423 | Lair:3   | Reached skill level 5 in Ice Magic
 17228 | Lair:4   | Found a staircase to the Slime Pits.
 17229 | Lair:4   | Found a viscous altar of Jiyva.
 17637 | Lair:4   | Reached ***** piety under Vehumet
 17638 | Lair:4   | Offered knowledge of Olgreb's Toxic Radiance by Vehumet.
 18600 | Lair:5   | Entered Level 5 of the Lair of Beasts
 18847 | Lair:5   | Noticed Snorg
 18852 | Lair:5   | Killed Snorg
 19741 | Lair:5   | Gained mutation: Your large and strong wings let you fly.
                  | [Gargoyle growth]
 19741 | Lair:5   | Reached XP level 14. HP: 89/94 MP: 11/26
 20360 | Lair:5   | Reached skill level 5 in Air Magic
 20640 | Lair:5   | Offered knowledge of Eringya's Noxious Bog by Vehumet.
 21182 | Lair:5   | Found a corrupted altar of Lugonu.
 21182 | Lair:5   | Found a one-way gate to the infinite horrors of the Abyss.
 21258 | Lair:5   | Reached skill level 10 in Ice Magic
 21340 | Lair:5   | Identified the amulet of Bodily Harmony {Acrobat rPois}
 22319 | D:10     | Killed Erica
 22950 | D:11     | Noticed Sonja
 22958 | D:11     | Killed Sonja
 23100 | D:10     | Learned a level 2 spell: Blink
 23136 | D:11     | Offered knowledge of Ozocubu's Refrigeration by Vehumet.
 23646 | D:11     | Reached skill level 1 in Translocations
 23789 | D:11     | Found a staircase to the Orcish Mines.
 23853 | D:11     | Found a runed translucent gate.
 23862 | D:11     | Found a runed translucent gate.
 23862 | D:11     | Found a runed translucent gate.
 23866 | D:11     | Noticed fluxer's ghost (journeyman HOFi)
 23994 | Orc:1    | Entered Level 1 of the Orcish Mines
 24433 | Orc:2    | Entered Level 2 of the Orcish Mines
 25248 | Orc:2    | Found Asophic's Antique Armour Emporium.
 25267 | Orc:2    | Found a staircase to the Elven Halls.
 25526 | Orc:2    | Found Riumafroere's General Store.
 25853 | Orc:2    | Offered knowledge of Conjure Ball Lightning by Vehumet.
 25922 | Orc:2    | Noticed an orc warlord
 25939 | Orc:2    | Killed an orc warlord
 26223 | Orc:2    | Found Zigupnus's Antique Weapon Emporium.
 26225 | Orc:2    | Found Vadu's Antique Armour Shoppe.
 26573 | Orc:2    | Found Laegaclu's Antique Armour Emporium.
 26617 | Orc:2    | Bought a shiny helmet for 240 gold pieces
 26681 | Orc:2    | Bought a cloak for 108 gold pieces
 26872 | D:12     | Reached skill level 1 in Shields
 27110 | D:12     | Noticed Lodul
 27200 | D:12     | Reached XP level 15. HP: 101/101 MP: 21/27
 27297 | D:12     | Killed Lodul
 27492 | D:12     | Noticed Josephine
 27500 | D:12     | Killed Josephine
 27553 | D:12     | Reached skill level 15 in Fighting
 27843 | D:12     | Noticed Urug
 27847 | D:12     | Killed Urug
 28106 | D:13     | Learned a level 7 spell: Orb of Destruction
 28122 | D:13     | Reached skill level 5 in Armour
 28375 | D:13     | Found a runed translucent door.
 28384 | D:13     | Noticed Ziutalyll's ghost (journeyman MiHu)
 28661 | D:13     | Found a frozen archway.
 28763 | IceCv    | Entered an ice cave
 28813 | IceCv    | Offered knowledge of Fireball by Vehumet.
 29982 | IceCv    | Identified the ring of Oroghisa {rN+ Dex+6}
 30001 | IceCv    | Got Jumer's Tome of the Forsaken Dances
 30786 | D:13     | Found a gate to the Vaults.
 32482 | D:14     | Found Riuwn's Assorted Antiques.
 32594 | D:14     | Found Suahuoph's Weapon Emporium.
 33611 | D:14     | Found Caepeeb's Distillery.
 34021 | D:15     | Entered Level 15 of the Dungeon
 34761 | D:15     | Offered knowledge of Lee's Rapid Deconstruction by Vehumet.
 35156 | D:15     | Reached XP level 16. HP: 97/108 MP: 26/28
 35705 | D:15     | Found a staircase to the Depths.
 36446 | Spider:1 | Entered Level 1 of the Spider Nest
 36472 | Spider:1 | Reached skill level 1 in Summonings
 38502 | Spider:1 | Learned a level 7 spell: Spellforged Servitor
 39491 | Spider:1 | Reached skill level 5 in Summonings
 40310 | Spider:1 | Learned a level 6 spell: Iron Shot
 40477 | Spider:2 | Noticed Agnes
 40484 | Spider:2 | Killed Agnes
 40500 | Spider:2 | HP: 5/108 [demonic crawler (9)]
 40500 | Spider:2 | HP: 2/108 [demonic crawler (3)]
 40664 | Spider:1 | Reached skill level 10 in Spellcasting
 41416 | Swamp:1  | Entered Level 1 of the Swamp
 41416 | Swamp:1  | You are sucked into a shaft and drop 1 floor!
 43797 | Swamp:2  | Reached XP level 17. HP: 113/113 MP: 12/31
 45085 | Swamp:3  | Offered knowledge of Maxwell's Capacitive Coupling by
                  | Vehumet.
 45386 | Swamp:3  | Paralysed by a fenstrider witch for 2 turns
 45656 | Swamp:3  | Reached skill level 15 in Conjurations
 46421 | Swamp:4  | Entered Level 4 of the Swamp
 46446 | Swamp:4  | Reached skill level 10 in Summonings
 48863 | Swamp:4  | Got a decaying rune of Zot
 49608 | Spider:2 | Identified Roxanne's Folio of Transfiguration
 49608 | Spider:2 | Noticed Roxanne
 49615 | Spider:2 | Killed Roxanne
 51066 | Spider:2 | Reached XP level 18. HP: 119/119 MP: 25/32
 51532 | Spider:3 | Reached skill level 10 in Dodging
 51953 | Spider:3 | Noticed Arachne
 52422 | Spider:3 | Killed Arachne
 52723 | Spider:3 | Noticed Mlioglotl
 52731 | Spider:3 | Killed Mlioglotl
 54019 | Spider:4 | Entered Level 4 of the Spider Nest
 56590 | Spider:4 | Reached ****** piety under Vehumet
 58000 | Spider:4 | Offered knowledge of Fire Storm by Vehumet.
 58000 | Spider:4 | Offered knowledge of Shatter by Vehumet.
 58000 | Spider:4 | Offered knowledge of Chain Lightning by Vehumet.
 60347 | Spider:4 | Reached XP level 19. HP: 127/127 MP: 24/36
 60511 | Spider:4 | Got a gossamer rune of Zot
 61588 | Elf:1    | Entered Level 1 of the Elven Halls
 61681 | Elf:1    | Reached skill level 10 in Earth Magic
 61932 | Elf:1    | Paralysed by an air elemental for 1 turns
 61969 | Elf:1    | Found Puom's Distillery.
 62074 | Elf:1    | Found a shimmering altar of Xom.
 62621 | Elf:1    | Found Juokerutu's Jewellery Emporium.
 62623 | Elf:1    | Found Yffeiw's Jewellery Shoppe.
 62626 | Elf:1    | Found Neifoxtusm's Assorted Antiques.
 62633 | Elf:1    | Bought a pitted bone amulet for 175 gold pieces
 62633 | Elf:1    | Identified the amulet "Ytiol" {Regen+ Str+3} (You bought it
                  | in a shop on level 1 of the Elven Halls)
 62647 | Elf:1    | Bought the ring of Anycualuf {+Blink rF+ Will+ Int+2} for
                  | 702 gold pieces
 63363 | Elf:1    | Found a runed translucent gate.
 63363 | Elf:1    | Found a runed translucent gate.
 63363 | Elf:1    | Found a runed translucent gate.
 63363 | Elf:1    | Found a runed translucent gate.
 63363 | Elf:1    | Found a runed translucent gate.
 63364 | Elf:1    | Found a runed translucent gate.
 64183 | Elf:2    | Found Yneanyps's Distillery.
 65330 | Elf:2    | Found a runed translucent gate.
 65331 | Elf:2    | Found a runed translucent gate.
 65331 | Elf:2    | Found a runed translucent gate.
 66821 | Elf:2    | Reached skill level 11 in Earth Magic
 67349 | Elf:3    | Entered Level 3 of the Elven Halls
 67355 | Elf:3    | Reached XP level 20. HP: 128/132 MP: 18/37
 68353 | Elf:3    | Reached skill level 12 in Earth Magic
 69048 | Elf:3    | Identified the amulet of Neassoc {Spirit Contam Int+3 SInv}
 69078 | Elf:3    | Identified the +4 broad axe of Charming Quick Death {spect,
                  | Int+2 Dex+2 Stlth+}
 69078 | Elf:3    | Identified the amulet of Liberty {RegenMP Contam rElec
                  | rN+++ Stlth+}
 69332 | Elf:3    | Identified the amulet "Mobbog" {Reflect Str+3 SH+5}
 69335 | Elf:3    | Reached skill level 13 in Earth Magic
 69338 | Elf:3    | Noticed a Tzitzimitl
 69979 | Elf:3    | Identified the +3 battleaxe "Anuumas" {freeze, Int+2}
 70178 | Elf:3    | Identified the staff of fire "Culoidi" {rF+ rN+ Str+3}
 70294 | Elf:3    | Identified the staff of earth "Cahoguff" {Dex+4}
 70479 | Elf:3    | Reached skill level 14 in Earth Magic
 71172 | Vaults:1 | Entered Level 1 of the Vaults
 72306 | Vaults:1 | Reached skill level 15 in Earth Magic
 73486 | Vaults:1 | Learned a level 9 spell: Shatter
 73642 | Vaults:2 | Found a flickering gateway to a bazaar.
 73646 | Vaults:2 | Reached skill level 15 in Spellcasting
 73672 | Bazaar   | Entered a bazaar
 73767 | Bazaar   | Found Keishreont's Weapon Shoppe.
 73775 | Bazaar   | Found Qiffo's Antique Armour Shop.
 73816 | Bazaar   | Found Kieqiot's Jewellery Emporium.
 73824 | Bazaar   | Found Kaz Isin's Weapon Boutique.
 73893 | Vaults:2 | Reached skill level 16 in Earth Magic
 73901 | Vaults:2 | Reached XP level 21. HP: 125/137 MP: 37/40
 74355 | Vaults:2 | Reached skill level 17 in Earth Magic
 74378 | Vaults:2 | Identified the +7 sling of Lyimm {freeze, Dex+2}
 74735 | Vaults:2 | Noticed Donald
 74742 | Vaults:2 | Killed Donald
 75239 | Vaults:2 | Reached skill level 18 in Earth Magic
 75306 | Vaults:2 | Found a staircase to the Crypt.
 76301 | Vaults:3 | Reached skill level 19 in Earth Magic
 76747 | Vaults:3 | Found Ruotayt's Armour Emporium.
 76929 | Vaults:3 | Reached skill level 20 in Earth Magic
 78031 | Vaults:4 | Reached skill level 21 in Earth Magic
 78333 | Vaults:4 | Reached XP level 22. HP: 124/144 MP: 26/41
 78557 | Vaults:4 | Found a crumbling gateway.
 78575 | Desolati | Entered the Desolation of Salt
 78589 | Desolati | Reached skill level 5 in Shields
 78800 | Vaults:4 | Found Aghiq's Distillery.
 78809 | Vaults:4 | Bought a potion of experience for 600 gold pieces
 78809 | Vaults:4 | Reached skill level 22 in Earth Magic
 78809 | Vaults:4 | Reached XP level 23. HP: 148/148 MP: 32/42
 79945 | Vaults:4 | Reached skill level 23 in Earth Magic
 80410 | Vaults:4 | Identified the +4 ring mail of the Snake Pit {Str+7}
 80462 | Vaults:4 | Learned a level 5 spell: Lee's Rapid Deconstruction
 80631 | Crypt:1  | Entered Level 1 of the Crypt
 81669 | Crypt:2  | Reached skill level 10 in Shields
 81730 | Crypt:2  | Paralysed by a vampire knight for 3 turns
 82905 | Crypt:3  | Entered Level 3 of the Crypt
 83156 | Crypt:3  | Found a staircase to the Tomb.
 83188 | Crypt:3  | Reached XP level 24. HP: 154/154 MP: 9/42
 83760 | Crypt:3  | Found a basalt altar of Yredelemnul.
 83783 | Crypt:3  | Noticed Zenata
 84336 | Crypt:3  | Found an ancient bone altar of Kikubaaqudgha.
 84380 | Crypt:3  | Identified the +7 hand axe "Piub" {holy, rC+ rN+}
 84424 | Crypt:3  | Killed Zenata
 84790 | Vaults:5 | Entered Level 5 of the Vaults
 84793 | Vaults:5 | Reached skill level 24 in Earth Magic
 84808 | Vaults:5 | Noticed a dread lich
 84811 | Vaults:5 | Killed a dread lich
 85111 | Vaults:5 | Noticed an ancient lich
 85114 | Vaults:5 | Reached skill level 15 in Shields
 85114 | Vaults:5 | Killed an ancient lich
 85239 | Vaults:5 | Reached XP level 25. HP: 133/160 MP: 43/44
 85250 | Vaults:5 | Identified the +3 broad axe "Dragonslayer" {speed, rElec
                  | Str+9}
 85543 | Vaults:5 | Identified the +10 long sword of Infinity {speed, Will+}
 86003 | Vaults:5 | Identified the +8 great sword "Bireyqeugg" {protect, Drain
                  | rElec rPois Int+3}
 86127 | Vaults:5 | Noticed an ancient lich
 86131 | Vaults:5 | Killed an ancient lich
 86195 | Vaults:5 | Identified the staff of fire "Bedathreent" {rF+ Int+3}
 86218 | Vaults:5 | Identified the +0 chain mail of Crawling {rPois rN+ Regen+
                  | Dex-3}
 86249 | Vaults:5 | Found Poerr's Distillery.
 86368 | Vaults:5 | Got a silver rune of Zot
 86524 | Vaults:5 | Identified the staff of poison "Piolood" {Fly rPois Int+3
                  | Stlth+}
 86683 | Vaults:5 | Identified the staff of fire "Sousoume" {rPois rF+}
 86878 | Vaults:5 | Learned a level 5 spell: Borgnjor's Vile Clutch
 87288 | Depths:1 | Entered Level 1 of the Depths
 88271 | Depths:1 | Found a glowing golden altar of the Shining One.
 89080 | Depths:1 | Found a gateway to Hell.
 89298 | Depths:2 | Noticed Grunn
 89303 | Depths:2 | Killed Grunn
 89718 | Depths:2 | Reached XP level 26. HP: 163/170 MP: 23/44
 89898 | Depths:2 | Noticed a dread lich
 90118 | Depths:2 | Killed a dread lich
 90173 | Depths:2 | Identified the +1 mace "Laclan" {freeze, +Blink rF+}
 90308 | Depths:2 | Found Isotegreki's Incredible Inventory.
 90465 | Depths:2 | Found Levuugasm's Armour Shoppe.
 90465 | Depths:2 | Found Fadwytid's Book Emporium.
 90606 | Depths:2 | Found a one-way gate leading to the halls of Pandemonium.
 91997 | Depths:3 | Found The Legendary Kotaicu's Legendary Smithy.
 92091 | Depths:3 | Found a one-way gateway to a ziggurat.
 92145 | Depths:3 | Identified the +7 morningstar of Cajim {freeze, rF+}
 92652 | Depths:3 | Found a burning altar of Makhleb.
 93059 | Depths:3 | Found Piso's General Store.
 93232 | Depths:3 | Found a hide-covered altar of Uskayaw.
 93236 | Depths:3 | Found Obewn's Miraculous Elixirs.
 93728 | Depths:4 | Entered Level 4 of the Depths
 94216 | Depths:4 | Found a broken altar of Ashenzari.
 95009 | Depths:4 | Identified the ring of Alibium {Fly Will+ Dex+4}
 95435 | Depths:4 | Reached XP level 27. HP: 179/179 MP: 22/45
 95753 | Depths:4 | Found a gate to the Realm of Zot.
 96185 | Depths:3 | Bought the +0 pair of boots of Amorality {rF+} for 314 gold
                  | pieces
 96764 | Depths:4 | Got the Papyrus of Baleful Haze
 97319 | Slime:1  | Entered Level 1 of the Pits of Slime
 97319 | Slime:1  | Found a viscous altar of Jiyva.
 97665 | Zot:1    | Entered Level 1 of the Realm of Zot
 97753 | Zot:1    | Reached skill level 1 in Fire Magic
 97965 | Zot:1    | Reached skill level 10 in Armour
 98197 | Zot:1    | Noticed an orb of fire
 98199 | Zot:1    | Found the +4 dragonskin cloak
 98199 | Zot:1    | Noticed Tiamat
 98239 | Zot:1    | Reached skill level 5 in Fire Magic
 98827 | Zot:1    | Killed Tiamat
 98933 | Zot:1    | Gained mutation: You are weak. (Str -2) [an orb of fire]
 98933 | Zot:1    | Killed an orb of fire
 99076 | Zot:1    | Learned a level 8 spell: Lehudib's Crystal Spear
 99114 | Zot:2    | Noticed an orb of fire
100052 | Zot:2    | Gained mutation: You are clumsy. (Dex -2) [an orb of fire]
100054 | Zot:2    | Gained mutation: You are dopey. (Int -2) [an orb of fire]
100054 | Zot:2    | Killed an orb of fire
100658 | Zot:3    | Reached skill level 10 in Fire Magic
100750 | Zot:3    | Found a transporter.
101059 | Zot:3    | Noticed an orb of fire
101060 | Zot:3    | Gained mutation: Armour fits poorly on your strangely
                  | shaped body. [an orb of fire]
101064 | Zot:3    | Killed an orb of fire
101556 | Zot:4    | Noticed an orb of fire
101568 | Zot:4    | Killed an orb of fire
102589 | Zot:5    | Entered Level 5 of the Realm of Zot
102663 | Zot:5    | Reached skill level 15 in Fire Magic
103562 | Zot:5    | Noticed a dread lich
103571 | Zot:5    | Killed a dread lich
103754 | Zot:5    | Noticed an orb of fire
103758 | Zot:5    | Gained mutation: Your body sometimes deteriorates upon
                  | taking damage. [an orb of fire]
103760 | Zot:5    | Killed an orb of fire
103902 | Zot:5    | Lost mutation: Armour fits poorly on your strangely shaped
                  | body. [potion of mutation]
103902 | Zot:5    | Lost mutation: You are dopey. (Int -2) [potion of mutation]
103902 | Zot:5    | Lost mutation: You are weak. (Str -2) [potion of mutation]
103902 | Zot:5    | Gained mutation: You have a pair of small antennae on your
                  | head. [potion of mutation]
103902 | Zot:5    | Gained mutation: You have a pair of antennae on your head.
                  | [potion of mutation]
103903 | Zot:5    | Lost mutation: Your body sometimes deteriorates upon taking
                  | damage. [potion of mutation]
103903 | Zot:5    | Lost mutation: You have a pair of antennae on your head.
                  | [potion of mutation]
103903 | Zot:5    | Lost mutation: You are clumsy. (Dex -2) [potion of
                  | mutation]
103903 | Zot:5    | Gained mutation: You possess an exceptional clarity of
                  | mind. [potion of mutation]
103903 | Zot:5    | Gained mutation: Your spells are a little harder to cast,
                  | but a little more powerful. [potion of mutation]
103959 | Zot:5    | Noticed an orb of fire
103962 | Zot:5    | Killed an orb of fire
104469 | Zot:5    | Noticed an orb of fire
104769 | Zot:5    | Killed an orb of fire
104833 | Zot:5    | Noticed an orb of fire
104837 | Zot:5    | Gained mutation: You occasionally shout uncontrollably at
                  | your foes. [an orb of fire]
104838 | Zot:5    | Killed an orb of fire
105038 | Zot:5    | Noticed an ancient lich
105052 | Zot:5    | Killed an ancient lich
105700 | D:5      | Found a hide-covered altar of Uskayaw.
105720 | D:5      | Killed Eustachio
105943 | D:5      | Found a staircase to the Ecumenical Temple.
106057 | D:5      | Found a stormy altar of Qazlal.
106060 | D:5      | Found an opulent altar of Gozag.
106365 | D:2      | Killed Sigmund
106583 | D:9      | Killed Zigma's ghost
106779 | Lair:4   | Learned a level 8 spell: Ignition
106795 | Slime:1  | Gained mutation: You are occasionally teleported next to
                  | monsters. [a shining eye]
106797 | Slime:1  | Gained mutation: You are agile. (Dex +4, Str/Int -1) [a
                  | shining eye]
106848 | Lair:4   | Lost mutation: You are agile. (Dex +4, Str/Int -1) [potion
                  | of mutation]
106848 | Lair:4   | Lost mutation: You have a pair of small antennae on your
                  | head. [potion of mutation]
106848 | Lair:4   | Lost mutation: You occasionally shout uncontrollably at
                  | your foes. [potion of mutation]
106848 | Lair:4   | Gained mutation: Your body sometimes deteriorates upon
                  | taking damage. [potion of mutation]
106848 | Lair:4   | Gained mutation: You have an increased reservoir of magic.
                  | (+10% MP) [potion of mutation]
106849 | Lair:4   | Lost mutation: You have an increased reservoir of magic.
                  | (+10% MP) [potion of mutation]
106849 | Lair:4   | Lost mutation: You possess an exceptional clarity of mind.
                  | [potion of mutation]
106849 | Lair:4   | Lost mutation: Your spells are a little harder to cast, but
                  | a little more powerful. [potion of mutation]
106849 | Lair:4   | Gained mutation: You have large cloven feet. [potion of
                  | mutation]
106849 | Lair:4   | Gained mutation: You are somewhat resistant to further
                  | mutation. [potion of mutation]
106849 | Lair:4   | Gained mutation: You are partially covered in iridescent
                  | scales. (AC +2) [potion of mutation]
106850 | Lair:4   | Lost mutation: You are somewhat resistant to further
                  | mutation. [potion of mutation]
106850 | Lair:4   | Lost mutation: Your body sometimes deteriorates upon taking
                  | damage. [potion of mutation]
106850 | Lair:4   | Gained mutation: Your muscles are strong. (Str +4, Int/Dex
                  | -1) [potion of mutation]
106850 | Lair:4   | Gained mutation: You are strong-willed. (Will+) [potion of
                  | mutation]
106851 | Lair:4   | Lost mutation: You are partially covered in iridescent
                  | scales. (AC +2) [potion of mutation]
106851 | Lair:4   | Lost mutation: You are strong-willed. (Will+) [potion of
                  | mutation]
106851 | Lair:4   | Gained mutation: You are frail. (-10% HP) [potion of
                  | mutation]
106852 | Lair:4   | Lost mutation: You are occasionally teleported next to
                  | monsters. [potion of mutation]
106852 | Lair:4   | Lost mutation: You have large cloven feet. [potion of
                  | mutation]
106852 | Lair:4   | Lost mutation: Your muscles are strong. (Str +4, Int/Dex
                  | -1) [potion of mutation]
106852 | Lair:4   | Gained mutation: Your body sometimes deteriorates upon
                  | taking damage. [potion of mutation]
107807 | Slime:1  | You are sucked into a shaft and drop 1 floor!
108768 | Slime:5  | Entered Level 5 of the Pits of Slime
109290 | Slime:5  | Noticed the Royal Jelly
109293 | Slime:5  | Killed the Royal Jelly
109577 | Slime:5  | Reached skill level 15 in Armour
109614 | Slime:5  | Identified the +5 ring mail of Muimn {rPois Int+2 Dex+3}
109646 | Slime:5  | Identified the +6 mace of Inwair {antimagic, rN+ Will+}
109655 | Slime:5  | Got a slimy rune of Zot
109681 | Slime:5  | Got the Almanac of the Exothermic Nimbus
109704 | Slime:5  | Identified the +4 spear "Beastslayer" {antimagic, rElec}
110288 | Depths:3 | Voluntarily entered the Abyss.
110299 | Abyss:1  | Found a corrupted altar of Lugonu.
110331 | Abyss:1  | Found a corrupted altar of Lugonu.
110403 | Abyss:2  | Found a corrupted altar of Lugonu.
110415 | Abyss:3  | Found a corrupted altar of Lugonu.
110547 | Abyss:3  | Found a corrupted altar of Lugonu.
110580 | Abyss:3  | Gained mutation: Armour fits poorly on your strangely
                  | shaped body. [a neqoxec]
110892 | Abyss:4  | Reached skill level 5 in Stealth
111032 | Abyss:4  | Identified a scroll of acquirement
111067 | Abyss:4  | Noticed an ancient lich
111078 | Abyss:4  | HP: 6/161 [green draconian monk (5)]
111080 | Abyss:4  | Killed an ancient lich
111081 | Abyss:4  | Reached skill level 1 in Staves
111120 | Abyss:4  | Got the Papyrus of the Mob
111169 | Abyss:4  | Got the Compendium of Correspondence
111179 | Abyss:4  | Got the Textbook on the Nimbus
111327 | Abyss:4  | Noticed a dread lich
111330 | Abyss:4  | Killed a dread lich
111497 | Abyss:4  | Reached skill level 5 in Staves
111522 | Abyss:4  | Found a corrupted altar of Lugonu.
111649 | Abyss:4  | Found a corrupted altar of Lugonu.
111704 | Depths:3 | Escaped the Abyss
112411 | Zot:5    | Got the Orb of Zot
112490 | Zot:4    | Noticed Xitie the pandemonium lord
112496 | Zot:4    | Killed Xitie the pandemonium lord
112565 | Zot:2    | Noticed a seraph
112775 | Zot:1    | Killed from afar by a Hell Sentinel

Illustrated notes

Levels and vault maps discovered:
D:1:      kennysheep_arrival_forest, layout_basic, serial_forest,
          infiniplex_forest_end_double, infiniplex_forest_side_room,
          infiniplex_forest_corner_1, infiniplex_forest_lined_1,
          infiniplex_forest_clump_small, infiniplex_forest_straight_2,
          infiniplex_forest_straight_4, infiniplex_forest_straight_2
D:2:      layout_rooms, uniq_sigmund, uniq_jessica
D:3:      layout_basic, mainiacjoe_overflow_alcove_2, cheibrodos_worm_habitat,
          ebering_ecumenical_altar_abandoned, uniq_pargi
D:4:      cheibrodos_helix_gallery, layout_basic, portal_sewer_entry_f,
          uniq_robin
D:5:      layout_loops_ring, mainiacjoe_overflow_tiny_flanked,
          mainiacjoe_overflow_divided_tiny, temple_doors_e, serial_undead,
          serial_undead_a, serial_undead_c, serial_undead_f, serial_undead_d,
          serial_undead_b, serial_undead_d, serial_undead_c, serial_undead_c,
          uniq_eustachio
D:6:      layout_cave_pools
D:7:      layout_loops_ring, kennysheep_opposing_triangles, uniq_menkaure
D:8:      layout_loops_ring, minmay_lair_entry_grove, grunt_ministairs_9,
          lightli_church_of_beogh
D:9:      layout_rooms, nicolae_ru_awakened_eye, ebering_ghost_gozag,
          hangedman_decor_clover_reticule
D:10:     layout_basic, serial_shops, nicolae_shop_hallway_stairs,
          nrook_mini_backslash, uniq_erica
D:11:     layout_cave_pools, david_orc_4, gammafunk_ghost_hydra_chop,
          serial_column_ruins, column_ruins_open_small, column_ruins_open_small,
          column_ruins_open_medium, column_ruins_grid_1, laboratory, uniq_sonja
D:12:     layout_rooms, uniq_urug, uniq_lodul, uniq_josephine
D:13:     layout_roguey, grunt_vaults_entry_tiered, hellmonk_ghost_big_iron,
          portal_ice_cave_demonic_guard
D:14:     layout_basic, serial_shops, nicolae_shop_peninsula, shop,
          nicolae_shop_window_shopping, serial_park_square2
D:15:     grunt_enter_depths_snipers, layout_basic
Temple:   lightli_temple_of_artemis
Lair:1:   beast_lair_carwin_large_2, layout_chaotic_city, grunt_megastairs_2,
          lemuel_fruit_fields
Lair:2:   dpeg_oklob_gauntlet, layout_gridlike, nicolae_swamp_entry_spooky,
          enter_volcano_3, serial_bayou_shore_a, uniq_maggie
Lair:3:   layout_cave_pods, nicolae_spider_entry_lesser_pyramids,
          lemuel_fruit_tree, grunt_megastairs_3
Lair:4:   layout_cave_pods, slime_entry_1
Lair:5:   hellmonk_lair_end_abyssal_woods, layout_loops_ring, st_stairs_3,
          fungi_pond_lemuel, chequers_serial_rivers_micro_c,
          chequers_serial_rivers_room_b, lemuel_fruit_fields,
          grunt_megastairs_1, uniq_snorg
Swamp:1:  layout_basic_swamp, serial_swamp_ruin, evilmike_swamp_ruin_house_3,
          evilmike_swamp_ruin_house_2, evilmike_swamp_ruin_house_6
Swamp:2:  layout_basic_swamp, evilmike_swamp_ruin_house_1, swamp_pool4,
          nicolae_swamp_some_circles
Swamp:3:  layout_basic_swamp, evilmike_swamp_ruin_rubble_1
Swamp:4:  swamp, layout_basic_swamp, nicolae_swamp_little_tower
Spider:1: layout_spider_delve, nicolae_spider_some_kinda_spiderbox
Spider:2: layout_cave_pods, uniq_roxanne, uniq_agnes
Spider:3: layout_spider_delve, uniq_arachne, uniq_mlioglotl
Spider:4: johnstein_spider_rune_arachne_lair
Slime:1:  layout_caves, basic_altar
Slime:2:  layout_caves
Slime:3:  layout_caves
Slime:4:  layout_caves
Slime:5
Orc:1:    layout_caves, uniq_fannar
Orc:2:    grunt_orc_community_town_hall, layout_diamond_mine,
          grunt_orc_community_big_house_1, grunt_orc_community_big_house_2,
          grunt_orc_community_house_1, grunt_orc_community_house_3,
          grunt_orc_community_house_3, grunt_orc_community_house_1,
          serial_shops, nicolae_shop_crystal, basic_altar
Elf:1:    eino_elf_arrival_customs, layout_loops_ring, serial_shops,
          nicolae_shop_back_alley_shop, basic_altar, orc_legates,
          minmay_shop_star
Elf:2:    nicolae_elf_blades_crystal_corner, layout_geoelf_diagonals,
          serial_shops, shop, corexii_hall_statues_u
Elf:3:    elf_hall, layout_geoelf_grid, grunt_megastairs_5
Vaults:1: nicolae_vaults_angled_halls, grunt_vaults_swirl,
          nicolae_vaults_cornered_office, v_pattern_1,
          nicolae_vaults_halls_meeting, grunt_vaults_hallway_short,
          nicolae_vaults_trapezoid_2, hangedman_vaults_trim,
          nicolae_vaults_apartment_1, layout_vaults_omnigrid
Vaults:2: nicolae_vaults_mini_display_case, hangedman_vaults_stretched_pinwheel,
          nicolae_vaults_diamond_1, nicolae_vaults_oval_intersection,
          vaults_room_octagon, nicolae_vaults_tetromino_Z_2,
          nicolae_vaults_house_2, nicolae_vaults_octothorpe, v_misc_30,
          v_misc_13, ontoclasm_vaults_ring_large, v_misc_26, v_misc_33,
          nicolae_vaults_little_squares_6, nicolae_vaults_big_angled_halls,
          layout_vaults_omnibox, minmay_crypt_entry_simple_round, serial_shops,
          bzr_entry_islet, uniq_donald
Vaults:3: nicolae_vaults_swerve, nicolae_vaults_door_testing_chamber,
          nicolae_vaults_big_ls, vaults_room_door_hall, hangedman_vaults_nails,
          nicolae_vaults_circle_grid_a, nicolae_vaults_three_branches,
          nicolae_vaults_turnstiles, v_misc_22, serial_ice_g,
          layout_vaults_ring, serial_shops, shop
Vaults:4: portal_desolation_entry_twin_temple, nicolae_vaults_house_3,
          dpeg_vaults_pockets_of_resistance, nicolae_vaults_tetromino_L_1,
          v_misc_18, nicolae_vaults_six-pack, nicolae_vaults_alarming,
          nicolae_vaults_tetromino_T_2, vaults_dpeg_ring,
          layout_vaults_chaotic_city, serial_shops, shop
Vaults:5: serial_shops
Crypt:1:  layout_chaotic_city, grunt_crypt_arrival_guarded_gate
Crypt:2:  layout_regular_city, skrybe_necro_troll_1
Crypt:3:  lightli_unholy_cathedral, layout_chaotic_city, uniq_zenata
Depths:1: layout_gridlike, grunt_hell_horde, tso_metal_star,
          grunt_decor_fettered, chequers_serial_rivers_micro_e,
          nicolae_twisting_strands, minmay_misc_feat_encased, patterned_corridor
Depths:2: cheibrodos_cascadia, layout_cave_shapes, moated_statue, hell_entry,
          rand_demon_pan_entry_8, minmay_misc_feat_plants,
          nicolae_alphabet_shops, minmay_shoptagon, uniq_grunn
Depths:3: grated_community_mu [grated_community_mu_vampire_home,
          grated_community_mu_giant_home, grated_community_mu_spellcaster_home,
          grated_community_mu_orcish_home, grated_community_mu_troll_home,
          grated_community_mu_taur_home, grated_community_mu_unbuilt_plot],
          layout_cave_pools, enter_ziggurat_a, abyss_entry, minivault_11,
          hell_entry, minmay_fountain_box
Depths:4: lemuel_castle_with_subvaults [lemuel_castle_interior_carwin_3],
          layout_gridville, cheibrodos_ashenzari_chains,
          pf_vacation_house_of_asmodeus
Zot:1:    layout_onion, uniq_tiamat
Zot:2:    layout_onion_interference, grunt_megastairs_4, uniq_parghit
Zot:3:    layout_basic, nicolae_diode_basic
Zot:4:    layout_basic, evilmike_ambush [evilmike_ambush_outer_pillars,
          evilmike_ambush_inner_wall_1]
Zot:5:    layout_gridlike

Skill      XL: |  1  2  3  4  5  6  7  8  9 10 11 12 13 14 15 16 17 18 19 20 21 22 23 24 25 26 27 |
---------------+----------------------------------------------------------------------------------+-----
Earth Magic    | 4 5 6 7 9 11 16 21 22 23 24 | 24.0
Conjurations   | 1 2 3 4 5 9 11 12 13 14 15 16 | 16.0
Spellcasting   | 3 5 6 8 10 13 15 17 18 | 18.3
Fighting       | 3 6 10 11 12 13 14 15 16 18 20 | 20.0
Dodging        | 2 5 6 9 10 12 13 | 13.5
Armour         | 3 4 8 17 | 17.0
Stealth        | 3 8 |  8.0
Transmutations | 1 |  1.6
Ice Magic      | 4 9 10 12 | 12.3
Air Magic      | 3 4 5 7 |  7.4
Translocations | 3 |  3.0
Shields        | 2 4 6 11 15 16 | 16.1
Summonings     | 8 12 13 14 | 14.0
Fire Magic     | 20 | 20.0
Staves         | 8 |  8.0

Action                     |  1- 3 |  4- 6 |  7- 9 | 10-12 | 13-15 | 16-18 | 19-21 | 22-24 | 25-27 || total
---------------------------+-------+-------+-------+-------+-------+-------+-------+-------+-------++-------
  Melee: Dagger            |     9 |     1 |       |       |       |       |       |       |       ||    10
         Staff             |       |       |       |     2 |     5 |   100 |     2 |     4 |   145 ||   258
   Fire: Sling             |       |       |     3 |       |       |       |       |       |       ||     3
  Throw: Dart              |       |       |     3 |     4 |       |       |       |       |       ||     7
         Boomerang         |       |       |       |     2 |       |       |       |       |       ||     2
   Cast: Sandblast         |    45 |   109 |   164 |   264 |   251 |     2 |       |       |       ||   835
         Iskenderun's Batt |       |       |       |    41 |    92 |    14 |       |       |       ||   147
         Stone Arrow       |       |       |       |    26 |   165 |   200 |    82 |    29 |    47 ||   549
         Freezing Cloud    |       |       |       |       |   192 |   288 |   175 |    34 |     9 ||   698
         Irradiate         |       |       |       |       |    22 |       |     4 |       |     2 ||    28
         Orb of Destructio |       |       |       |       |     8 |     1 |       |       |       ||     9
         Blink             |       |       |       |       |     1 |     4 |     3 |       |       ||     8
         Spellforged Servi |       |       |       |       |       |   106 |   146 |    69 |   155 ||   476
         Iron Shot         |       |       |       |       |       |    37 |   104 |   158 |   494 ||   793
         Lee's Rapid Decon |       |       |       |       |       |       |       |    59 |     3 ||    62
         Shatter           |       |       |       |       |       |       |       |    20 |   149 ||   169
         Borgnjor's Vile C |       |       |       |       |       |       |       |       |   309 ||   309
         Ignition          |       |       |       |       |       |       |       |       |    73 ||    73
         Lehudib's Crystal |       |       |       |       |       |       |       |       |    16 ||    16
  Evoke: Wand              |       |       |       |       |       |     3 |       |       |     2 ||     5
    Use: Scroll            |       |       |     1 |    19 |     9 |    13 |     4 |     1 |    15 ||    62
         Potion            |       |       |       |     1 |     1 |     2 |     1 |     3 |    24 ||    32
   Stab: Sleeping          |       |       |       |       |       |     1 |       |       |       ||     1
         Distracted        |       |       |       |       |       |       |       |       |     1 ||     1
 Armour: Robe              |     9 |    16 |    36 |       |       |       |    91 |       |       ||   152
         Leather armour    |       |       |     3 |       |       |       |       |       |       ||     3
         Steam dragon scal |       |       |       |    85 |   118 |   387 |    10 |    63 |    60 ||   723
         Quicksilver drago |       |       |       |       |       |       |       |       |   250 ||   250
  Dodge: Dodged            |    19 |    23 |    74 |   132 |   130 |   292 |   195 |    77 |   320 ||  1262
         Repelled          |       |       |       |       |       |       |    10 |     4 |     8 ||    22
  Block: Buckler           |       |       |       |       |    17 |    74 |    34 |    29 |     6 ||   160
         Kite shield       |       |       |       |       |       |       |       |       |   416 ||   416
         Reflection        |       |       |       |       |       |       |       |       |    23 ||    23

Table legend: (Time is in decaauts)
 A = Elapsed time spent in this place.
 B = Non-inter-level travel time spent in this place.
 C = Inter-level travel time spent in this place.
 D = Time resting spent in this place.
 E = Time spent auto-exploring this place.
 F = Levels seen in this place.
 G = Mean time per level.
                   A        B        C        D        E       F      G
               +--------+--------+--------+--------+--------+-----+--------+
         Total | 113366 | 104336 |   9030 |  50911 |  36694 |  65 | 1744.1 |
       Dungeon |  24859 |  21683 |   3176 |   8074 |  10112 |  15 | 1657.3 |
        Temple |    109 |     91 |     18 |      0 |     81 |   1 |  109.0 |
          Lair |  10525 |   9405 |   1120 |   3582 |   4431 |   5 | 2105.0 |
         Swamp |   7837 |   7546 |    291 |   5011 |   1770 |   4 | 1959.2 |
   Spider Nest |  16411 |  15730 |    681 |  10405 |   3699 |   4 | 4102.8 |
    Slime Pits |   2334 |   2280 |     54 |   1192 |    547 |   5 |  466.8 |
  Orcish Mines |   3122 |   2689 |    433 |   1324 |    934 |   2 | 1561.0 |
   Elven Halls |   8854 |   8267 |    587 |   4551 |   2547 |   3 | 2951.3 |
        Vaults |  11795 |  10673 |   1122 |   4341 |   4524 |   5 | 2359.0 |
         Crypt |   4001 |   3839 |    162 |   1355 |   1807 |   3 | 1333.7 |
        Depths |  10887 |  10185 |    702 |   5653 |   3043 |   4 | 2721.8 |
           Zot |   7954 |   7275 |    679 |   3011 |   2770 |   5 | 1590.8 |
         Abyss |   1386 |   1386 |      0 |    386 |     27 |   4 |  346.5 |
        Bazaar |    197 |    197 |      0 |      0 |    168 |   1 |  197.0 |
         Sewer |    699 |    699 |      0 |    361 |     65 |   1 |  699.0 |
      Ice Cave |   1455 |   1455 |      0 |   1037 |    168 |   1 | 1455.0 |
       Volcano |    867 |    867 |      0 |    619 |      0 |   1 |  867.0 |
    Desolation |     66 |     66 |      0 |      6 |      0 |   1 |   66.0 |
               +--------+--------+--------+--------+--------+-----+--------+

Top non-repeatable levels by time:
Spider:4: 6974 daAuts
Spider:1: 4541 daAuts
Depths:3: 3699 daAuts
   Elf:3: 3255 daAuts
Spider:2: 3095 daAuts
  Lair:2: 3006 daAuts
    D:13: 2902 daAuts
   Elf:2: 2870 daAuts
  Lair:5: 2844 daAuts
   Zot:5: 2764 daAuts
Vaults:3: 2742 daAuts
   Elf:1: 2728 daAuts
Depths:1: 2672 daAuts
Vaults:4: 2651 daAuts
   Orc:2: 2625 daAuts
